 Dungeon Crawl Stone Soup version 0.23.0 (webtiles) character file.

Game seed: 3524348562767126213

1304 wolfsongas the Skirmisher (level 8, 0/67 HPs)
             Began as a Gnoll Wanderer on Feb 17, 2019.
             Slain by a two-headed ogre
             ... wielding a +0 giant spiked club
              (6 damage)
             ... on level 5 of the Dungeon.
             The game lasted 00:10:14 (5334 turns).

wolfsongas the Skirmisher (Gnoll Wanderer)          Turns: 5334, Time: 00:10:14

Health: 0/67       AC: 17    Str: 12 (15) XL:     8   Next: 57%
Magic:  0/17       EV: 16    Int: 19 (21) God:
Gold:   137        SH:  0    Dex: 21 (22) Spells: 18/19 levels left

rFire    + . .     SeeInvis .   k - +0 great sword
rCold    . . .     Gourm    .   (shield currently unavailable)
rNeg     + . .     Faith    .   v - +9 scale mail of Contentment {rN+ Int+2}
rPois    .         Spirit   +   (no helmet)
rElec    .         Reflect  .   g - +0 cloak
rCorr    .         Harm     .   (no gloves)
MR       .....                  (no boots)
Stlth    ++........             c - amulet of guardian spirit
HPRegen  0.21/turn              j - ring of protection from cold
MPRegen  0.15/turn              e - ring of fire

@: brilliant, agile
A: distributed training, fangs 1, strong nose
a: no special abilities


You were on level 5 of the Dungeon.
You were hungry.

You visited 1 branch of the dungeon, and saw 6 of its levels.

You collected 335 gold pieces.
You spent 198 gold pieces at shops.

Inventory:

Hand Weapons
 b - a +0 quarterstaff
 k - a +0 great sword (weapon)
Armour
 g - a +0 cloak (worn)
 m - a +0 ring mail
 v - the +9 scale mail of Contentment (worn) {rN+ Int+2}
   (You bought it in a shop on level 5 of the Dungeon)

   It affects your intelligence (+2).
   It protects you from negative energy.
Jewellery
 c - an amulet of guardian spirit (around neck)
 e - a ring of fire (right hand)
 h - an uncursed ring of ice
 j - a ring of protection from cold (left hand)
 s - an uncursed ring of resist corrosion
Wands
 d - a wand of polymorph (10)
 u - a wand of iceblast (11)
Scrolls
 l - 3 scrolls of fear
Potions
 a - 3 potions of flight
 i - 2 potions of curing
 n - a potion of cancellation
 p - a potion of degeneration
 r - a potion of might {unknown}
 t - 2 potions of haste {unknown}
 w - a potion of lignification {unknown}
 z - a potion of mutation {unknown}
Comestibles
 f - 7 rations


   Skills:
 + Level 7.4 Fighting
 + Level 3.3 Short Blades
 + Level 5.7 Long Blades
 + Level 3.3 Axes
 + Level 3.3 Maces & Flails
 + Level 3.3 Polearms
 + Level 3.3 Staves
 + Level 3.3 Slings
 + Level 3.3 Bows
 + Level 3.3 Crossbows
 + Level 3.3 Throwing
 + Level 3.3 Armour
 + Level 3.3 Dodging
 + Level 3.3 Stealth
 + Level 4.2 Shields
 + Level 3.3 Unarmed Combat
 + Level 6.1 Spellcasting
 + Level 3.5 Conjurations
 + Level 2.7 Hexes
 + Level 2.7 Charms
 + Level 2.7 Summonings
 + Level 2.7 Necromancy
 + Level 2.7 Translocations
 + Level 2.7 Transmutations
 + Level 2.7 Fire Magic
 + Level 2.7 Ice Magic
 + Level 2.7 Air Magic
 + Level 2.7 Earth Magic
 + Level 2.7 Poison Magic
 + Level 3.6 Invocations
 + Level 4.2 Evocations


You had 18 spell levels left.
You knew the following spells:

 Your Spells              Type           Power        Failure   Level  Hunger
a - Sting                 Conj/Pois      ####         1%          1    None

Your spell library contained the following spells:

 Spells                   Type           Power        Failure   Level  Hunger
 Shock                    Conj/Air       ####         1%          1    None
 Swiftness                Chrm/Air       ####....     3%          2    None
 Mephitic Cloud           Conj/Pois/Air  ####....     5%          3    ##.....
 Static Discharge         Conj/Air       ####....     5%          3    ##.....
 Airstrike                Air            ####......   17%         4    ####...
 Lightning Bolt           Conj/Air       ####......   36%         5    #####..


Dungeon Overview and Level Annotations

Branches:
Dungeon (6/15)
 Temple: D:4-7

Altars:
Ashenzari
Dithmenos
Elyvilon
Fedhas
Ru
Sif Muna
Uskayaw
Vehumet
Wu Jian
Zin
The Shining One

Shops:
D:5 [


Innate Abilities, Weirdness & Mutations

Your experience applies equally to all skills.
You have very sharp teeth.
Your uncanny sense of smell can sniff out nearby items.


Message History

The two-headed ogre hits you with a +0 giant club!
You hit the two-headed ogre.
You bite the two-headed ogre, but do no damage.
The two-headed ogre is lightly wounded.
The two-headed ogre hits you with a +0 giant spiked club!
* * * LOW HITPOINT WARNING * * *
The two-headed ogre hits you with a +0 giant club!
* * * LOW HITPOINT WARNING * * *
It was a potion of agility.
You feel agile all of a sudden. The two-headed ogre misses you.
You riposte.
Your scale mail of Contentment prevents you from hitting the two-headed ogre.
The two-headed ogre is lightly wounded.
The two-headed ogre hits you but does no damage.
Unknown command.
It was a potion of brilliance.
You feel clever all of a sudden.
The two-headed ogre hits you but does no damage.
The two-headed ogre hits you with a +0 giant club!
You die...

#######
#########.....################
#.......'.....#...............
#.......#(....#...............
#.......#.....#...............
#.......#[...@#......##.......
#.......#....O#......##.......
#.......#.....#...............
#.......#.....#......##...##..
#########.....#.....<##.[.##..
#.....#......##.[.#...
#.....#......##..)#...
#.....#......#....#...
#.....#......'....#...


You could see a two-headed ogre.

Vanquished Creatures
  The ghost of cerealjynx the Twirler, an amateur GrGl (D:4)
  Sigmund (D:4)
  A phantom (D:6)
  An ogre (D:6)
  2 centaurs (D:5)
  A howler monkey (D:6)
  2 crimson imps (D:5)
  A centaur skeleton (D:5)
  A hound (D:4)
  4 orc priests
  4 orc wizards (D:4)
  3 worker ants (D:5)
  A killer bee zombie (D:5)
  6 adders
  A shadow imp (D:5)
  An ooze (D:1)
  An adder skeleton (D:5)
  A worm (D:3)
  A dart slug (D:1)
  3 leopard geckos (D:1)
  16 orcs
  6 bats
  5 giant cockroaches
  2 hobgoblins
  4 jackals (D:5)
  4 quokkas
  A ball python (D:1)
  A ball python skeleton (D:4)
  9 frilled lizards
  A giant cockroach zombie (D:5)
  10 goblins
  8 kobolds
  2 leopard gecko skeletons (D:4)
  2 quokka skeletons
  8 rats
116 creatures vanquished.

Notes
Turn   | Place    | Note
-------+----------+-------------------------------------------
     0 | D:1      | wolfsongas the Gnoll Wanderer began the quest for the Orb.
     0 | D:1      | wolfsongas set off with the following items: a +2 falchion,
                  | a +0 quarterstaff, a +0 robe, a ration; and the following
                  | spell memorised: Sting; and the following spells available
                  | to memorise: Mephitic Cloud
     0 | D:1      | Reached XP level 1. HP: 23/23 MP: 6/6
    53 | D:1      | HP: 1/23 [leopard gecko (4)]
    54 | D:1      | Reached XP level 2. HP: 2/29 MP: 7/7
   636 | D:1      | Reached XP level 3. HP: 27/35 MP: 9/9
   682 | D:1      | Reached skill level 5 in Spellcasting
  1101 | D:2      | Reached skill level 1 in Invocations
  1506 | D:2      | Found a shattered altar of Ashenzari.
  1758 | D:3      | Reached skill level 1 in Short Blades
  1758 | D:3      | Reached skill level 1 in Axes
  1758 | D:3      | Reached skill level 1 in Maces & Flails
  1758 | D:3      | Reached skill level 1 in Polearms
  1758 | D:3      | Reached skill level 1 in Staves
  1758 | D:3      | Reached skill level 1 in Slings
  1758 | D:3      | Reached skill level 1 in Bows
  1758 | D:3      | Reached skill level 1 in Crossbows
  1758 | D:3      | Reached skill level 1 in Throwing
  1758 | D:3      | Reached skill level 1 in Armour
  1758 | D:3      | Reached skill level 1 in Dodging
  1758 | D:3      | Reached skill level 1 in Stealth
  1758 | D:3      | Reached skill level 1 in Unarmed Combat
  1761 | D:3      | Reached XP level 4. HP: 23/41 MP: 8/11
  1939 | D:3      | Found a hide-covered altar of Uskayaw.
  1939 | D:3      | Found a blossoming altar of Fedhas.
  1943 | D:3      | Found a white marble altar of Elyvilon.
  1944 | D:3      | Found an ornate altar of the Wu Jian Council.
  1971 | D:3      | Found a sacrificial altar of Ru.
  1971 | D:3      | Found a shadowy altar of Dithmenos.
  1972 | D:3      | Found a radiant altar of Vehumet.
  2015 | D:3      | Found a glowing silver altar of Zin.
  2015 | D:3      | Found a deep blue altar of Sif Muna.
  2250 | D:3      | Reached skill level 1 in Hexes
  2250 | D:3      | Reached skill level 1 in Charms
  2250 | D:3      | Reached skill level 1 in Summonings
  2250 | D:3      | Reached skill level 1 in Necromancy
  2250 | D:3      | Reached skill level 1 in Translocations
  2250 | D:3      | Reached skill level 1 in Transmutations
  2250 | D:3      | Reached skill level 1 in Fire Magic
  2250 | D:3      | Reached skill level 1 in Ice Magic
  2250 | D:3      | Reached skill level 1 in Air Magic
  2250 | D:3      | Reached skill level 1 in Earth Magic
  2250 | D:3      | Reached skill level 1 in Poison Magic
  2250 | D:3      | Reached XP level 5. HP: 8/47 MP: 0/12
  2769 | D:4      | Noticed Sigmund
  2777 | D:4      | Killed Sigmund
  2777 | D:4      | Reached XP level 6. HP: 34/53 MP: 8/13
  2855 | D:4      | Noticed cerealjynx's ghost (amateur GrGl)
  2881 | D:4      | Reached skill level 5 in Long Blades
  3055 | D:4      | Found a runed translucent door.
  3138 | D:4      | Killed cerealjynx's ghost
  3138 | D:4      | Reached skill level 7 in Fighting
  3138 | D:4      | Reached XP level 7. HP: 8/60 MP: 3/15
  3367 | D:4      | HP: 3/60 [orc wizard/magic dart (7)]
  3775 | D:5      | Entered Level 5 of the Dungeon
  3842 | D:5      | Found a glowing golden altar of the Shining One.
  4074 | D:5      | Reached XP level 8. HP: 42/67 MP: 10/16
  4781 | D:5      | Found Badi's Antique Armour Shoppe.
  4789 | D:5      | Bought a polished scale mail for 198 gold pieces
  4809 | D:5      | Identified the +9 scale mail of Contentment {rN+ Int+2}
                  | (You bought it in a shop on level 5 of the Dungeon)
  5219 | D:6      | Noticed a two-headed ogre
  5334 | D:5      | Slain by a two-headed ogre

Skill      XL: |  1  2  3  4  5  6  7  8 |
---------------+-------------------------+-----
Conjurations   | 2 3 |  3.5
Spellcasting   | 5 6 |  6.1
Invocations    | 1 2 3 |  3.6
Short Blades   | 1 2 3 |  3.3
Axes           | 1 2 3 |  3.3
Maces & Flails | 1 2 3 |  3.3
Polearms       | 1 2 3 |  3.3
Staves         | 1 2 3 |  3.3
Slings         | 1 2 3 |  3.3
Bows           | 1 2 3 |  3.3
Crossbows      | 1 2 3 |  3.3
Throwing       | 1 2 3 |  3.3
Armour         | 1 2 3 |  3.3
Dodging        | 1 2 3 |  3.3
Stealth        | 1 2 3 |  3.3
Unarmed Combat | 1 2 3 |  3.3
Hexes          | 1 2 |  2.7
Charms         | 1 2 |  2.7
Summonings     | 1 2 |  2.7
Necromancy     | 1 2 |  2.7
Translocations | 1 2 |  2.7
Transmutations | 1 2 |  2.7
Fire Magic     | 1 2 |  2.7
Ice Magic      | 1 2 |  2.7
Air Magic      | 1 2 |  2.7
Earth Magic    | 1 2 |  2.7
Poison Magic   | 1 2 |  2.7
Shields        | 3 4 |  4.2
Evocations     | 3 4 |  4.2
Long Blades    | 5 |  5.7
Fighting       | 7 |  7.4

Action                   |  1- 3 |  4- 6 |  7- 9 || total
-------------------------+-------+-------+-------++-------
Melee: Falchion          |    69 |       |       ||    69
       Bite              |    12 |     6 |    25 ||    43
       Great sword       |    14 |    98 |   130 ||   242
  Use: Potion            |     2 |     5 |     4 ||    11
       Scroll            |     2 |     3 |     7 ||    12
 Stab: Sleeping          |     4 |     2 |     3 ||     9
       Invisible         |     1 |     6 |       ||     7
  Eat: Ration            |     1 |     1 |     2 ||     4
Armor: Robe              |     8 |       |       ||     8
       Ring mail         |    13 |    33 |    58 ||   104
       Scale mail        |       |       |    10 ||    10
Dodge: Dodged            |    57 |    72 |   109 ||   238
       Rpst.: Falchion   |    10 |       |       ||    10
       Great sword       |     3 |    23 |    32 ||    58
